Map: Frozen Temple

Players

DasDuelon

  • Race: Zerg Zerg
  • League: Master

Miszu - Winner!

  • Race: Terran Terran
  • League: Master

VOD

Have the link to the VOD?

Description

Time

  • Played on: April 13, 2016, 3:11 p.m.
  • Length: 11:50
Show
View Real Time Build Order
Export as new Build Order

DasDuelon Zerg 

Build Orders: Hatch First, Muta Ling Bane 

Get SALT Encoding   

  12  0:00  Drone  
  13  0:12  Overlord  
  13  0:18  Drone  
  14  0:30  Drone x2  
  16  0:36  Drone  
  17  0:52  Hatchery  
  17  0:56  Drone  
  17  1:09  Spawning Pool  
  17  1:11  Extractor  
  15  1:13  Drone  
  15  1:17  Drone  
  17  1:20  Drone  
  18  1:32  Drone  
  19  1:40  Overlord  
  19  1:55  Queen  
  19  1:56  Zergling x2  
  19  2:00  Zergling x2  
  23  2:03  Queen  
  23  2:04  Drone  
  26  2:10  Metabolic Boost  
  26  2:11  Drone  
  26  2:14  Drone  
  28  2:21  Drone  
  29  2:31  Queen  
  30  2:38  Drone x2  
  32  2:50  Drone x2  
  34  2:53  Drone  
  35  3:00  Drone  
  35  3:02  Overlord  
  35  3:05  Hatchery  
  35  3:15  Drone  
  36  3:20  Drone x2  
  36  3:21  Drone  
  36  3:24  Drone  
  36  3:25  Drone x2  
  36  3:26  Overlord  
  44  3:41  Drone x2  
  44  3:47  Overlord, Drone x2  
  44  3:48  Overlord, Extractor  
  45  3:57  Evolution Chamber x2  
  45  4:02  Drone  
  44  4:06  Drone  
  44  4:07  Drone x3  
  44  4:09  Drone  
  49  4:10  Overlord  
  49  4:12  Drone x2  
  51  4:17  Queen, Drone  
  54  4:24  Zerg Melee Weapons Level 1  
  54  4:26  Drone x3  
  54  4:27  Overlord  
  54  4:30  Zerg Ground Armor Level 1  
  57  4:31  Zergling x2  
  57  4:33  Zergling x2  
  57  4:34  Zergling x2  
  57  4:36  Zergling x2  
  61  4:40  Zergling x2  
  61  4:45  Zergling x6  
  64  4:46  Zergling x4  
  64  4:49  Lair  
  64  4:52  Extractor x2  
  65  4:53  Zergling x4  
  65  4:56  Spore Crawler  
  65  4:58  Spore Crawler  
  65  5:03  Spore Crawler  
  65  5:06  Drone x3  
  65  5:07  Drone x3  
  70  5:13  Spore Crawler  
  69  5:22  Spore Crawler  
  68  5:33  Drone x2  
  68  5:34  Drone  
  70  5:39  Drone x2  
  70  5:40  Drone x7  
  79  5:46  Overseer  
  79  5:47  Overlord x2  
  79  5:50  Baneling Nest  
  78  6:03  Spore Crawler  
  72  6:20  Drone x2  
  72  6:23  Spire  
  72  6:28  Drone x4  
  72  6:32  Infestation Pit  
  75  6:36  Roach Warren  
  75  6:37  Drone x3  
  75  6:38  Drone x6  
  83  6:42  Drone x2  
  80  7:00  Zerg Ground Armor Level 2  
  77  7:02  Zerg Melee Weapons Level 2  
  77  7:04  Zergling x16  
  85  7:13  Drone  
  85  7:14  Hatchery  
  86  7:24  Zergling x8  
  86  7:26  Overlord x3  
  86  7:27  Centrifical Hooks  
  90  7:33  Extractor x2  
  90  7:35  Baneling x9  
  90  7:36  Pneumatized Carapace  
  88  7:38  Overlord x3, Burrow  
  88  7:51  Overseer  
  88  7:57  Hatchery  
  85  8:01  Mutalisk  
  85  8:02  Mutalisk x3  
  89  8:11  Mutalisk  
  91  8:15  Zergling x22  
  91  8:18  Drone  
  103  8:21  Hatchery  
  102  8:30  Zergling x2  
  102  8:31  Zergling x4  
  102  8:33  Baneling x6  
  98  8:34  Zergling x10  
  98  8:38  Zergling x2, Overseer  
  104  8:43  Zergling x2  
  104  8:46  Baneling  
  104  8:47  Baneling x5  
  105  8:49  Mutalisk x2  
  105  8:55  Hatchery  
  105  8:57  Zergling x2  
  105  8:58  Zergling x12  
  109  9:09  Drone x5  
  114  9:13  Mutalisk  
  114  9:24  Baneling x7  
  114  9:25  Baneling x14  
  114  9:27  Zergling x2  
  114  9:28  Zergling x12  
  114  9:31  Hatchery  
  120  9:35  Drone x5  
  100  9:59  Zergling x2  
  97  10:00  Zergling x28  
  97  10:06  Baneling  
  97  10:07  Baneling x5  
  109  10:11  Zergling x2  
  109  10:12  Zergling x8  
  112  10:17  Zergling x10  
  112  10:19  Baneling x7  
  112  10:20  Mutalisk x4  
  125  10:23  Hive  
  98  10:43  Mutalisk x4  
  98  10:49  Zergling x2  
  99  10:50  Zergling x30  
  99  10:51  Zergling x2  
  104  10:59  Mutalisk x2  
  81  11:23  Mutalisk x2  
  94  11:47  Hatchery  
Show
View Real Time Build Order
Export as new Build Order

Miszu Terran - Winner!

Build Orders: Reaper Expand, MMM Bio 

Get SALT Encoding   

  12  0:04  SCV  
  13  0:16  SCV  
  13  0:18  Supply Depot  
  14  0:28  SCV  
  15  0:40  SCV  
  16  0:45  Barracks  
  16  0:48  Refinery  
  16  0:52  SCV  
  17  1:04  SCV  
  18  1:16  SCV  
  19  1:31  Orbital Command  
  19  1:32  Reaper  
  20  1:43  Command Center  
  20  1:54  Supply Depot  
  20  1:57  SCV  
  21  2:08  Barracks Reactor  
  21  2:09  SCV  
  21  2:12  Refinery  
  22  2:21  SCV  
  23  2:33  SCV  
  24  2:44  Factory  
  24  2:45  SCV  
  25  2:51  Marine  
  25  2:52  Marine  
  25  2:56  Orbital Command  
  25  2:57  SCV  
  27  3:09  Marine x2, SCV  
  30  3:13  Bunker  
  30  3:21  SCV  
  30  3:22  SCV  
  32  3:28  Marine x2  
  32  3:32  Starport, Factory Tech Lab  
  32  3:33  SCV  
  35  3:34  SCV  
  36  3:44  Supply Depot  
  36  3:46  SCV x2  
  38  3:55  Command Center  
  38  3:58  SCV x2  
  40  4:09  Barracks Tech Lab  
  40  4:10  SCV x2  
  40  4:16  Barracks  
  42  4:17  Cloaking Field  
  42  4:19  Barracks, Banshee  
  42  4:22  SCV  
  42  4:23  SCV, Factory Reactor  
  47  4:29  Supply Depot  
  47  4:31  Marine  
  47  4:33  Stimpack  
  47  4:34  SCV  
  47  4:35  SCV  
  50  4:42  Engineering Bay  
  50  4:44  Engineering Bay  
  50  4:46  SCV  
  50  4:47  SCV  
  50  4:49  Marine  
  53  4:54  Refinery  
  53  4:56  Refinery  
  53  4:58  SCV  
  53  4:59  SCV  
  55  5:02  Banshee  
  55  5:04  Factory Reactor  
  58  5:07  Marine, Orbital Command  
  58  5:10  SCV  
  58  5:11  SCV  
  58  5:13  Terran Infantry Weapons Level 1  
  61  5:14  Terran Infantry Armor Level 1  
  61  5:17  Marine x2  
  63  5:22  SCV  
  63  5:25  SCV  
  63  5:26  Marine x3  
  68  5:34  SCV  
  69  5:37  Marine x2, SCV  
  69  5:38  Orbital Command  
  69  5:40  Barracks  
  69  5:42  Barracks  
  72  5:46  Supply Depot  
  72  5:47  SCV  
  72  5:48  Supply Depot, Armory  
  73  5:52  SCV  
  73  5:56  Factory Reactor  
  74  5:58  Marine x3  
  77  6:07  SCV x2  
  79  6:12  Marine x2  
  79  6:13  Medivac x2  
  79  6:16  Marine x2  
  87  6:19  SCV  
  87  6:20  SCV x2  
  87  6:21  Marine  
  91  6:29  Marine  
  91  6:30  Supply Depot  
  91  6:31  SCV  
  91  6:32  SCV  
  91  6:33  SCV  
  91  6:35  Bunker  
  91  6:36  Barracks Reactor  
  91  6:37  Barracks Reactor  
  92  6:43  Marine, Combat Shields  
  93  6:50  SCV  
  93  6:51  Marine x2, Medivac x2, SCV  
  97  6:59  SCV  
  97  7:02  SCV  
  97  7:03  SCV  
  97  7:06  Supply Depot  
  97  7:08  Supply Depot  
  99  7:09  Barracks  
  99  7:10  Barracks  
  99  7:11  SCV  
  99  7:12  Barracks  
  100  7:18  SCV  
  100  7:22  Terran Infantry Armor Level 2, Terran Infantry Weapons Level 2  
  101  7:25  Supply Depot  
  101  7:27  Marine x4  
  101  7:28  Marauder, SCV x2  
  101  7:29  Widow Mine  
  111  7:32  SCV  
  112  7:40  Marine  
  112  7:41  Marine x2, Widow Mine  
  117  7:45  Supply Depot x2  
  117  7:46  Supply Depot  
  117  7:47  SCV  
  117  7:49  Marauder  
  120  7:52  Marine x2  
  120  8:01  Marine  
  120  8:02  Barracks Tech Lab x2  
  121  8:06  Widow Mine  
  121  8:09  Widow Mine  
  121  8:11  Marauder  
  121  8:12  Marine x4  
  128  8:13  Marine x3  
  128  8:14  Medivac x2  
  128  8:19  Marine  
  139  8:23  Marauder, Concussive Shells  
  139  8:24  Marauder  
  143  8:28  Barracks Tech Lab  
  143  8:30  Marine x6  
  149  8:46  Supply Depot  
  149  8:48  Supply Depot  
  149  8:50  Marine x2  
  149  8:51  Marauder x3  
  149  8:52  Widow Mine  
  149  8:53  Marine, Medivac  
  157  9:00  Marine, Marauder  
  157  9:01  Marine x2  
  157  9:03  Marine  
  157  9:04  Marine  
  157  9:06  Widow Mine  
  157  9:08  Marine x2  
  157  9:11  Marine  
  157  9:12  Marauder x3  
  164  9:18  Marine  
  164  9:19  Marine x2  
  164  9:20  Command Center  
  164  9:21  Widow Mine  
  164  9:22  Marauder  
  171  9:24  Supply Depot  
  171  9:25  Supply Depot  
  171  9:26  Supply Depot  
  171  9:28  Marine  
  171  9:29  Marine  
  173  9:43  Marine, Medivac, Marauder x2, Widow Mine  
  173  9:44  Marauder  
  161  9:49  Marine x7, Marauder  
  142  9:57  SCV  
  139  10:00  Marine  
  139  10:04  Marine  
  139  10:05  Marine, Marauder  
  139  10:06  Marine  
  145  10:07  Marine x2  
  145  10:10  Marauder  
  145  10:12  Marine  
  145  10:13  Marine x2  
  152  10:14  Medivac  
  152  10:19  Marine  
  155  10:22  Marauder  
  155  10:23  Marauder  
  155  10:26  Marauder  
  160  10:32  Marauder  
  156  10:37  Marine  
  139  10:44  Marauder x2  
  139  10:49  Marine x4, Marauder  
  143  10:53  Marauder  
  143  10:54  Marine  
  143  10:55  Marine x3, Widow Mine  
  143  10:56  Hellion  
  153  11:05  Marine, Marauder  
  153  11:06  Medivac x2  
  153  11:07  Marine x4  
  153  11:11  Marauder  
  164  11:15  Marauder  
  156  11:22  Marine x4  
  156  11:24  Marine, Marauder  
  156  11:25  Marine x3  
  161  11:26  Marine  
  161  11:30  SCV  
  161  11:31  Marine  
Tags
 
Add a new tag
Caveats
  • Supply blocks, unpowered buildings, or Contaminate may cause inaccurate times.
  • Supply counts are checked every 10 seconds.